 Dungeon Crawl Stone Soup version 0.21.0-3-g78d12a8 (webtiles) character file.

30 theanonym the Grave Robber (level 2, 23/25 HPs)
             Began as a Demigod Necromancer on Jan 14, 2018.
             Quit the game on level 1 of the Dungeon.
             The game lasted 00:01:58 (1297 turns).

theanonym the Grave Robber (Demigod Necromancer)    Turns: 1297, Time: 00:01:59

Health: 23/25      AC:  3    Str: 11    XL:     2   Next: 84%
Magic:  5/7        EV: 12    Int: 19    God:
Gold:   46         SH:  0    Dex: 16    Spells: 3/4 levels left

rFire    . . .     SeeInvis .   d - -3 short sword (curse)
rCold    . . .     Gourm    .   (no shield)
rNeg     . . .     Faith    .   a - +0 robe {0}
rPois    .         Spirit   .   g - +0 helmet
rElec    .         Reflect  .   (no cloak)
rCorr    .         Harm     .   (no gloves)
MR       .....                  (no boots)
Stlth    ++........             (no amulet)
HPRegen  0.08/turn              (no ring)
MPRegen  0.10/turn              (no ring)

@: no status effects
A: high mp 1
a: no special abilities


Innate Abilities, Weirdness & Mutations

You have an increased reservoir of magic. (+10% MP)


   Skills:
 + Level 2.4 Fighting
 - Level 1.7 Dodging
 - Level 1.7 Stealth
 - Level 1.7 Spellcasting
 - Level 3.6 Necromancy


You had 3 spell levels left.
You knew the following spells:

 Your Spells              Type           Power        Failure   Level  Hunger
a - Pain                  Necr           ###.         4%          1    #......

Skill      XL: |  1  2 |
---------------+-------+-----
Fighting       | 1 2 |  2.4
Dodging        | |  1.7
Stealth        | |  1.7
Spellcasting   | |  1.7
Necromancy     | |  3.6

Action                   || total
-------------------------++-------
Melee: Club              ||    20
       Short sword       ||     2
 Cast: Pain              ||    35
  Use: Scroll            ||     1
  Eat: Chunk             ||     2
Armor: Robe              ||    12
Dodge: Dodged            ||    29

Inventory:

Hand Weapons
 d - a cursed -3 short sword (weapon)
   (You took it off a kobold on level 1 of the Dungeon)
 f - a +0 club
   (You took it off a hobgoblin on level 1 of the Dungeon)
Armour
 a - a +0 robe (worn) {0}
 g - a +0 helmet (worn)
   (You found it on level 1 of the Dungeon)
Jewellery
 k - an uncursed ring of ice {rC+ rF-}
   (You found it on level 1 of the Dungeon)
Potions
 h - a potion of berserk rage {unknown}
 i - a potion of heal wounds {unknown}
 j - a potion of curing {unknown}
Books
 b - a book of Necromancy
Comestibles
 e - 3 rations
 l - a chunk of flesh


You were on level 1 of the Dungeon.
You were not hungry.

You visited 1 branch of the dungeon, and saw 1 of its levels.

You collected 46 gold pieces.

Dungeon Overview and Level Annotations

Branches:
Dungeon (1/15)

.....≈.#.'....'..#..'....# #.#
####.≈.#<'..§.'..#..'....######.#
.....≈.#.#.§≈.#≈.#.≈#.≈.........#
###..≈.#.#.≈≈.#≈.#.≈#8≈##########
#..≈.#.#.§≈.#≈.#.≈#.≈#
###..≈.#.#.≈§.#≈...≈#.≈#
.....≈8#.#.≈≈.#≈≈≈≈≈#8≈#
###..≈.##############.≈#
..#..≈..8.......@..8..≈#
#.#..≈≈≈≈≈≈≈≈≈≈≈≈≈≈≈≈≈≈#
........################
..#...#.# ......#.# #.#.#.#.#
#.....#.# ###.###.# #.....#


There were no monsters in sight!

Notes
Turn   | Place    | Note
-------+----------+-------------------------------------------
     0 | D:1      | theanonym the Demigod Necromancer began the quest for the Orb.
     0 | D:1      | Reached XP level 1. HP: 14/14 MP: 5/5
   176 | D:1      | Reached skill level 1 in Fighting
   636 | D:1      | Reached XP level 2. HP: 21/23 MP: 4/7
   888 | D:1      | Reached skill level 2 in Fighting
  1297 | D:1      | Quit the game

Vanquished Creatures
  An ooze (D:1)
  A dart slug (D:1)
  5 bats (D:1)
  2 giant cockroaches (D:1)
  3 goblins (D:1)
  2 hobgoblins (D:1)
  2 frilled lizards (D:1)
  2 kobolds (D:1)
  5 rats (D:1)
23 creatures vanquished.

Table legend:
 A = Turns spent in this place as a percentage of turns spent in the entire game.
 B = Non-inter-level travel turns spent in this place as a percentage of non-inter-level travel turns spent in the entire game.
 C = Inter-level travel turns spent in this place as a percentage of turns spent in this place.
 D = Turns resting spent in this place as a percentage of non-inter-level travel turns spent in this place.
 E = Turns spent auto-exploring this place as a percentage of non-inter-level travel turns spent in this place.
 F = Non-inter-level travel turns spent in this place divided by the number of levels of this place that you've seen.
                   A       B       C       D       E      F
               +-------+-------+-------+-------+-------+----------------------
         Total | 100.0 | 100.0 |   0.0 |  43.0 |  46.8 | 1297.0
       Dungeon | 100.0 | 100.0 |   0.0 |  43.0 |  46.8 | 1297.0
               +-------+-------+-------+-------+-------+----------------------
